 Dungeon Crawl Stone Soup version 0.30-a0-924-g0ad0bf95bc (webtiles) character file.

Game seed: 1734924090384442180

396 Iniera the Chopper (level 6, -5/37 HPs)
             Began as a Gargoyle Fighter on Mar 22, 2023.
             Slain by an ogre
             ... wielding a +0 giant spiked club
              (10 damage)
             ... on level 4 of the Dungeon.
             The game lasted 00:03:01 (2790 turns).

Iniera the Chopper (Gargoyle Fighter)               Turns: 2790, Time: 00:03:01

Health: -5/37      AC: 13    Str: 22    XL:     6   Next: 83%
Magic:  15/15      EV:  7    Int:  8    God:
Gold:   208        SH:  4    Dex:  9    Spells: 5/5 levels left

rFire   . . .      SeeInvis .    a - +0 war axe
rCold   . . .      Faith    .    c - +0 buckler
rNeg    + . .      Spirit   .    h - +0 chain mail
rPois   ∞          Reflect  .    (no helmet)
rElec   +          Rampage  .    (no cloak)
rCorr   .                        (no gloves)
Will    .....                    (no boots) Stlth
                                 g - amulet of the acrobat
HPRegen 0.26/turn                o - ring of magical power
MPRegen 0.14/turn                (no ring)

@: no status effects
A: sickness immunity, AC +4, negative energy resistance 1, electricity
resistance, torment resistance 1, petrification resistance
a: no special abilities


You were on level 4 of the Dungeon.
You visited 2 branches of the dungeon, and saw 5 of its levels.

You collected 208 gold pieces.

Inventory:

Hand Weapons
 a - a +0 war axe (weapon)
Missiles
 m - 8 javelins (quivered)
Armour
 c - a +0 buckler (worn)
 h - a +0 chain mail (worn)
Jewellery
 g - an amulet of the acrobat (around neck)
 o - a ring of magical power (left hand)
 t - an amulet of faith
Wands
 r - a wand of charming (8)
Scrolls
 f - a scroll of fear {unknown}
 i - a scroll of immolation {unknown}
 j - a scroll of blinking {unknown}
 k - 3 scrolls of noise {unknown}
 l - 2 scrolls of fog {unknown}
 n - 3 scrolls of teleportation {unknown}
 p - 2 scrolls of identify {unknown}
 s - 2 scrolls of poison {unknown}
Potions
 b - a potion of brilliance {unknown}
 d - 2 potions of might
 e - 4 potions of flight {unknown}
 q - a potion of ambrosia {unknown}
 u - a potion of magic {unknown}
 v - 2 potions of attraction {unknown}
 w - a potion of heal wounds {unknown}
 x - a potion of curing {unknown}
 z - a potion of haste {unknown}


   Skills:
 + Level 3.2 Fighting
 * Level 6.4 Axes
 - Level 3.2 Armour
 - Level 3.2 Shields


You had 5 spell levels left.
You didn't know any spells.
Your spell library contained the following spells:

 Spells                   Type           Power      Damage    Failure   Level
 Inner Flame              Hex/Fire       0%         N/A       100%        3
 Portal Projectile        Hex/Tloc       0%         N/A       100%        3
 Tukima's Dance           Hex            0%         N/A       100%        3
 Flame Wave               Conj/Fire      0%         2d4       100%        4
 Sticky Flame             Conj/Fire      0%         2d3       100%        4
 Blade Hands              Tmut           0%         N/A       100%        5


Dungeon Overview and Level Annotations

Branches:
Dungeon (4/15)             Temple (1/1) D:4

Altars:
Ashenzari
Dithmenos
Elyvilon
Fedhas
Hepliaklqana
Kikubaaqudgha
Nemelex Xobeh
Okawaru
Ru
Trog
Vehumet
Xom
Yredelemnul
Zin
The Shining One


Innate Abilities, Weirdness & Mutations

You are immune to sickness and miasma.
Your stone body is resilient. (AC +4)
You are immune to poison.
You resist negative energy. (rN+)
You are resistant to electric shocks. (rElec)
You are resistant to unholy torment.
You are immune to petrification.


Message History

The orc wizard misses you.
The orc wizard attacks as you move away!
The orc wizard completely misses you.
The orc wizard points at you and mumbles some strange words.
You are confused.
Okay, then.
You bump into the rock wall.
The orc wizard gestures wildly while chanting.
The orc wizard flickers and vanishes!
Deactivating autopickup; reactivate with Ctrl-A.
You bump into the rock wall.
The orc wizard hits you but does no damage.
You bump into the translucent rock wall.
The orc wizard mumbles some strange words.
The orc wizard flickers and vanishes!
You completely miss something. Something hits you but does no damage.
You bump into the rock wall.
You feel less confused. Something hits you.
There is an open door here.
Something hits you but does no damage.
There is a staircase to the Ecumenical Temple here.
Something barely misses you.
You hear some strange, mumbled words.
Something tries to affect you, but you resist.
There is an open door here.
You hear some strange, mumbled words.
You are confused.
You bump into the translucent rock wall.
You bump into the rock wall.
The ogre hits you with a +0 giant spiked club!
* * * LOW HITPOINT WARNING * * *
You bump into the rock wall.
You bump into the rock wall.
You feel less confused.
The orc wizard casts a spell.
The orc wizard flickers and vanishes!
You block the ogre's attack. The ogre attacks as you move away!
The ogre hits you with a +0 giant spiked club!
You die...

#.........# #.# #.........#
###.### .###.....## ###'###
..#..###..#####⌠.⌠#######
#.#.####......+.{o#.....#
....#.....#####⌠o{#####.#
...##...## ###'### #.##
.......#.. ###O### #..## #####
.......#.# #@# #...###.... .....#
#.#######.######..........
.#...###.##...............###>...
...#...#.##......................
..####...##...............###....
..# #...................## #....
### ##.###........#)....## #....
# ................####..# #####
......##########...###.#


You could see an ogre and 2 orcs.

Vanquished Creatures
  2 scorpions (D:4)
  2 orc priests (D:3)
  A jelly (D:4)
  A sleepcap (D:4)
  An iguana (D:3)
  4 gnolls (D:3)
  2 adders
  2 worms
  4 dart slugs
  2 orcs (D:3)
  9 ball pythons
  4 endoplasms
  A giant cockroach (D:4)
  8 goblins
  8 hobgoblins
  3 jackals (D:1)
  3 kobolds
  7 quokkas
  3 frilled lizards
  3 rats
  A spectral hobgoblin (D:1)
71 creatures vanquished.

Notes
Turn   | Place    | Note
-------+----------+-------------------------------------------
     0 | D:1      | Iniera the Gargoyle Fighter began the quest for the Orb.
     0 | D:1      | Reached XP level 1. HP: 14/14 MP: 1/1
    31 | D:1      | Reached skill level 2 in Axes
    65 | D:1      | Reached XP level 2. HP: 12/19 MP: 2/2
   122 | D:1      | Found a faded altar of an unknown god.
   471 | D:1      | Reached skill level 3 in Axes
   496 | D:1      | Reached XP level 3. HP: 20/23 MP: 3/3
  1171 | D:2      | Reached XP level 4. HP: 24/28 MP: 4/4
  1350 | D:3      | Reached skill level 4 in Axes
  1378 | D:3      | Reached XP level 5. HP: 20/32 MP: 5/5
  1794 | D:3      | Reached skill level 5 in Axes
  2389 | D:4      | Reached XP level 6. HP: 33/37 MP: 6/6
  2427 | D:4      | Reached skill level 6 in Axes
  2593 | D:4      | Found a staircase to the Ecumenical Temple.
  2620 | Temple   | Entered the Ecumenical Temple
  2790 | D:4      | Slain by an ogre

Illustrated notes

Levels and vault maps discovered:
D:1:      dpeg_arrival_shrine, layout_rooms,
          dreamdust_ecumenical_altar_drowned_temple
D:2:      layout_rooms, kennysheep_generic_room_7
D:3:      layout_basic
D:4:      layout_rooms, temple_doors_e, hangedman_feature_mirror,
          minmay_fountain_box
Temple:   nicolae_temple_superstar

Skill      XL: |  1  2  3  4  5  6 |
---------------+-------------------+-----
Axes           | 2 3 4 5 6 |  6.4
Fighting       | |  3.2
Armour         | |  3.2
Shields        | |  3.2

Action                     |  1- 3 |  4- 6 || total
---------------------------+-------+-------++-------
  Melee: War axe           |   120 |   135 ||   255
 Armour: Scale mail        |    11 |       ||    11
         Chain mail        |    50 |    73 ||   123
  Dodge: Dodged            |    67 |    48 ||   115
  Block: Buckler           |    17 |    23 ||    40

Table legend: (Time is in decaauts)
 A = Elapsed time spent in this place.
 B = Non-inter-level travel time spent in this place.
 C = Inter-level travel time spent in this place.
 D = Time resting spent in this place.
 E = Time spent auto-exploring this place.
 F = Levels seen in this place.
 G = Mean time per level.
                   A        B        C        D        E       F      G
               +--------+--------+--------+--------+--------+-----+--------+
         Total |   2882 |   2756 |    126 |      0 |   2062 |   5 |  576.4 |
       Dungeon |   2745 |   2643 |    102 |      0 |   1962 |   4 |  686.2 |
        Temple |    136 |    113 |     23 |      0 |    100 |   1 |  136.0 |
               +--------+--------+--------+--------+--------+-----+--------+

Top non-repeatable levels by time:
     D:3: 1129 daAuts
     D:2: 719 daAuts
     D:1: 586 daAuts
     D:4: 310 daAuts
  Temple: 136 daAuts
